 Dungeon Crawl Stone Soup version 0.31-a0-4-gefa6de2278 (webtiles) character file.

Game seed: 1384518668333778074

171 Armakuni the Charlatan (level 5, -5/45 HPs)
             Began as a Demigod Artificer on May 5, 2023.
             Slain by an iguana (11 damage)
             ... on level 4 of the Dungeon.
             The game lasted 00:05:57 (3126 turns).

Armakuni the Charlatan (Demigod Artificer)          Turns: 3126, Time: 00:05:57

Health: -5/45      AC:  6    Str: 17    XL:     5   Next: 5%
Magic:  7/7        EV: 11    Int: 13    God:
Gold:   150        SH:  0    Dex: 14    Spells: 4/4 levels left

rFire   . . .        a - +0 trident (venom)
rCold   . . .        (no shield)
rNeg    . . .        l - +0 ring mail
rPois   .            (no helmet)
rElec   .            (no cloak)
rCorr   .            f - +0 pair of gloves
SInv    .            (no boots)
Will    .....        (no amulet)
Stlth   +            (no ring)
HPRegen 0.27/turn    (no ring)
MPRegen 0.10/turn

%: no passive effects
@: no status effects
A: high MP 1, forlorn, divine attributes
a: no special abilities


You were on level 4 of the Dungeon.
You visited 1 branch of the dungeon, and saw 4 of its levels.

You collected 150 gold pieces.

Inventory:

Hand Weapons
 a - a +0 trident of venom (weapon)
 g - a +0 mace
Missiles
 h - 4 javelins
 n - 7 poisoned darts (quivered)
Armour
 b - a +0 leather armour
 e - a +0 scale mail
 f - a +0 pair of gloves (worn)
 l - a +0 ring mail (worn)
Wands
 c - a wand of charming (9)
 j - a wand of iceblast (5)
 v - a wand of flame (10)
Scrolls
 m - a scroll of amnesia
 p - a scroll of teleportation
 q - a scroll of vulnerability {unknown}
Potions
 d - a potion of lignification {unknown}
 i - a potion of mutation {unknown}
 k - a potion of heal wounds {unknown}
 o - 5 potions of curing


   Skills:
 - Level 3.0 Fighting
 - Level 1.0 Maces & Flails
 + Level 2.1 Armour
 + Level 1.4 Dodging
 - Level 0.8 Stealth
 - Level 4.0 Evocations


You had 4 spell levels left.
You didn't know any spells.
Your spell library contained the following spells:

 Spells                   Type           Power      Damage    Failure   Level
 Necrotise                Necr           0%         1d4       50%         1
 Portal Projectile        Hex/Tloc       0%         N/A       86%         3
 Tukima's Dance           Hex            0%         N/A       86%         3
 Vampiric Draining        Necr           0%         2d6       86%         3
 Agony                    Necr           0%         N/A       100%        5
 Blade Hands              Tmut           0%         N/A       100%        5


Dungeon Overview and Level Annotations

Branches:
Dungeon (4/15)
 Temple: D:4-7


Innate Abilities, Weirdness & Mutations

You have an increased reservoir of magic. (+10% MP)
You shall have no god before yourself.
Your divine heritage dramatically boosts your attributes as you level up.


Message History

You kill the adder!
You have reached level 5!
You barely miss the iguana. The iguana misses you.
You barely miss the iguana. The iguana bites you. x2
You closely miss the iguana. The iguana closely misses you.
You barely miss the iguana. The iguana bites you.
You hit the iguana.
The iguana is lightly wounded.
The iguana misses you.
You hit the iguana but do no damage.
The iguana is poisoned.
The iguana is lightly wounded.
The iguana closely misses you. The iguana bites you!
You barely miss the iguana.
The iguana is lightly wounded.
The iguana closely misses you.
You completely miss the iguana.
The iguana is lightly wounded.
The iguana bites you.
You hit the iguana but do no damage.
The iguana is moderately wounded.
The iguana bites you! The iguana barely misses you.
You are too injured to fight recklessly!
You are too injured to fight recklessly!
You hit the iguana.
The iguana is heavily wounded.
The iguana barely misses you.
You hit the iguana.
The iguana looks even sicker.
The iguana is severely wounded.
The iguana bites you!
* * * LOW HITPOINT WARNING * * *
You closely miss the iguana.
The iguana is severely wounded.
The iguana barely misses you. x2
Aiming: Throw Flame
Press: ? - help, Shift-Dir - straight line, f - iguana
Aim: an iguana (severely wounded, very poisoned, 75% to hit)
The puff of flame hits the iguana.
The iguana is almost dead.
The iguana bites you!
You die...

# .. ## ### ## ...
..# P~ #.####### #§
..#
..#########.'...)..
§§ #.#
............'......
§§ #.#
#.#######..##......
§ #.# #.# #l##
..!.. #.#
#.#######@# ...#
#.###.#.......# .##
#...#......#### #≈
####.#...#(.#..#
.....#.†....#..#
####.##....##..#
#.##....##..# # #§§
##..##..##....
.#§§§ #...##^.#
....###≈≈§


You could see an iguana (very poisoned).

Vanquished Creatures
  A hound (D:4)
  7 adders
  An ufetubus (D:4)
  3 worms (D:2)
  3 dart slugs
  An orc (D:3)
  5 endoplasms
  2 giant cockroaches
  4 goblins
  4 hobgoblins
  2 jackals (D:3)
  3 quokkas
  5 ball pythons
  6 bats
  5 frilled lizards
  5 kobolds
  3 rats
60 creatures vanquished.

Vanquished Creatures (collateral kills)
  A jackal (D:1)
1 creature vanquished.

Vanquished Creatures (others)
  3 jackals (D:1)
  7 fungi (D:4)
10 creatures vanquished.

Grand Total: 71 creatures vanquished

Notes
Turn   | Place    | Note
-------+----------+-------------------------------------------
     0 | D:1      | Armakuni the Demigod Artificer began the quest for the Orb.
     0 | D:1      | Reached XP level 1. HP: 15/15 MP: 3/3
    36 | D:1      | Reached skill level 1 in Fighting
   245 | D:1      | Reached skill level 1 in Maces & Flails
   351 | D:1      | Reached XP level 2. HP: 15/23 MP: 4/4
  1156 | D:2      | Reached XP level 3. HP: 25/30 MP: 5/5
  1447 | D:2      | Reached skill level 3 in Evocations
  1688 | D:2      | Reached XP level 4. HP: 19/38 MP: 6/6
  2461 | D:3      | Noticed a water elemental
  2465 | D:3      | Noticed an air elemental
  2465 | D:3      | Noticed a fire elemental
  2465 | D:3      | Noticed an earth elemental
  3005 | D:4      | Reached skill level 4 in Evocations
  3005 | D:4      | Reached skill level 1 in Dodging
  3114 | D:4      | Reached XP level 5. HP: 45/45 MP: 7/7
  3126 | D:4      | Slain by an iguana

Illustrated notes

Levels and vault maps discovered:
D:1:      kilobyte_arrival_exit_the_forest, layout_basic,
          shapermc_ecumenical_altar_acropolis
D:2:      layout_basic
D:3:      wander_river, layout_basic, nicolae_qazlal_style_of_elements,
          mainiacjoe_overflow_alcove_4, serial_co_window_serial,
          co_window_paths_b, co_window_paths_a, co_window_corner_a,
          co_window_of_opportunity_a, co_window_corner_a, co_window_broadway_a,
          co_window_cross_2, co_window_cross_3, co_window_corner_cb,
          glass_columns_c, glass_columns_a, glass_columns_a
D:4:      layout_loops_ring, serial_aquarium, aquarium_bridge_square
          [aquarium_subvault_window, aquarium_subvault_bridge,
          aquarium_subvault_wall, aquarium_subvault_wall], aquarium_window_fake,
          aquarium_window_1, aquarium_window_1, aquarium_view_2b,
          aquarium_balcony_5b, aquarium_pool_2, minmay_misc_feat_x,
          kennysheep_opposing_triangles

Skill      XL: |  1  2  3  4 |
---------------+-------------+-----
Fighting       | 1 2 3 |  3.0
Maces & Flails | 1 |  1.0
Evocations     | 3 4 |  4.0
Armour         | 2 |  2.1
Dodging        | 1 |  1.4
Stealth        | |  0.8

Action                     |  1- 3 |  4- 6 || total
---------------------------+-------+-------++-------
  Melee: Club              |    91 |       ||    91
         Mace              |    70 |     2 ||    72
         Punch             |     2 |     2 ||     4
         Trident           |       |    54 ||    54
  Throw: Dart              |     8 |     4 ||    12
  Evoke: Wand              |    10 |     1 ||    11
    Use: Scroll            |       |     6 ||     6
   Stab: Sleeping          |     2 |     1 ||     3
 Armour: Leather armour    |    72 |     2 ||    74
         Ring mail         |       |    10 ||    10
  Dodge: Dodged            |   101 |    29 ||   130

Table legend: (Time is in decaauts)
 A = Elapsed time spent in this place.
 B = Non-inter-level travel time spent in this place.
 C = Inter-level travel time spent in this place.
 D = Time resting spent in this place.
 E = Time spent auto-exploring this place.
 F = Levels seen in this place.
 G = Mean time per level.
                   A        B        C        D        E       F      G
               +--------+--------+--------+--------+--------+-----+--------+
         Total |   3220 |   3141 |     79 |    175 |   2247 |   4 |  805.0 |
       Dungeon |   3220 |   3141 |     79 |    175 |   2247 |   4 |  805.0 |
               +--------+--------+--------+--------+--------+-----+--------+

Top non-repeatable levels by time:
     D:1: 1140 daAuts
     D:3: 1005 daAuts
     D:2: 776 daAuts
     D:4: 297 daAuts
